 Dungeon Crawl Stone Soup version 0.15-a0-1293-g4a08026 (console) character file.

328 VineStalker the Insei (level 6, -13/32 HPs)
             Began as a Vine Stalker Monk on June 6, 2014.
             Was a Believer of Cheibriados.
             Mangled by an ogre
             ... wielding a +0,+0 giant spiked club
              (22 damage)
             ... on Level 4 of the Dungeon.
             The game lasted 00:06:33 (999 turns).

VineStalker the Insei (Vine Stalker Monk)            Turns: 999, Time: 00:06:33

HP -13/32        AC  3     Str 20      XL: 6   Next: 50%
MP   0/17        EV 16     Int 14      God: Cheibriados [**....]
Gold 108         SH  0     Dex 20      Spells:  0 memorised,  5 levels left

rFire  . . .     SeeInvis .       - Unarmed
rCold  . . .     Clarity  .     d - +0 leather armour (curse)
rNeg   . . .     rCorr    .     (no shield)
rPois  .         rRot     +     (no helmet)
rElec  .         Spirit   +     (no cloak)
SustAb .         Warding  .     (no gloves)
rMut   .         Stasis   .     (no boots)
Gourm  .                        (no amulet)
MR     .....                    e - +2 ring of evasion
                                c - ring of magical power

@: very slow, not resistant to hostile enchantments, unstealthy
A: fangs 2, regeneration 2, magic shield, antimagic bite, no device heal 3, rot
immunity
a: Bend Time, Renounce Religion


You were on level 4 of the Dungeon.
You worshipped Cheibriados.
Cheibriados was pleased with you.
You were not hungry.

You visited 2 branches of the dungeon, and saw 5 of its levels.

You collected 108 gold pieces.

Inventory:

Armour
 a - a +0 robe
 d - a cursed +0 leather armour (worn)
 i - a +0 ring mail
 n - a +0 chain mail
 p - a +2 plate armour
 r - a +0 leather armour
 s - a +0 scale mail
 t - a +0 ring mail
 v - a +0 ring mail
Comestibles
 b - 2 bread rations
 j - a beef jerky
 o - a meat ration
Scrolls
 u - a scroll of amnesia {unknown}
Jewellery
 c - a ring of magical power (left hand)
 e - a +2 ring of evasion (right hand)
 m - an uncursed ring of regeneration
Potions
 f - a potion of curing
 g - 2 potions of paralysis {unknown}
 h - a potion of mutation {unknown}
 k - a potion of restore abilities {unknown}
 q - a potion of heal wounds {unknown}


   Skills:
 - Level 2.6 Fighting
 * Level 3.7 Dodging
 - Level 2.4 Stealth
 + Level 6.7 Unarmed Combat


You had 5 spell levels left.
You didn't know any spells.

Dungeon Overview and Level Annotations

Branches:
Dungeon (4/15)             Temple (1/1) D:4

Altars:
Cheibriados
Dithmenos
Fedhas
Qazlal
Sif Muna
The Shining One


Innate Abilities, Weirdness & Mutations

You have extremely sharp teeth.
You heal very quickly.
When hurt, damage is shared between your health and your magic reserves.
Your bite disrupts and absorbs the magic of your enemies.
Potions and wands cannot restore your health.
You are immune to rotting.


Message History

The floor.
Unknown command.
Use which ability? (? or * to list)
Okay, then.
Use which ability? (? or * to list)
Okay, then.
Drink which item? (? for menu, Esc to quit)
Okay, then.
Read which item? (? for menu, Esc to quit)
Okay, then.
Use which ability? (? or * to list)
Okay, then.
Unknown command.
Use which ability? (? or * to list)
The flow of time bends around you.
The ogre resists.
The ogre skeleton resists.
Cheibriados rebukes the giant newt.
The giant newt seems to slow down.
You feel slightly more hungry.
The ogre hits you with a giant spiked club!!
Ouch! That really hurt!
You die...

......≈≈≈....#...........
.....≈≈§§≈..###...........
.....≈≈≈§≈§≈..#.............
.....§≈≈>§§§..).............
#....≈§≈§≈§≈................
#....≈§§§≈.......()........#
##....≈≈≈.......()<)......##
...........................#
...........(O@.........(..
..........gZ%l...........
..........#.............
........###.......!...
........#...........
................#..
#..............#
.............. ............


You could see an ogre, a goblin, a giant newt and an ogre skeleton.

Vanquished Creatures
  Prince Ribbit (D:4)
  A worker ant (D:3)
  3 adders
  A giant mite (D:2)
  2 worms (D:3)
  3 giant geckos
  10 orcs
  3 ball pythons
  5 bats
  2 giant cockroaches (D:3)
  3 goblins
  5 hobgoblins
  3 jackals (D:2)
  5 kobolds
  A quokka (D:3)
  3 giant newts
  4 rats
55 creatures vanquished.

Notes
Turn   | Place    | Note
--------------------------------------------------------------
     0 | D:1      | VineStalker, the Vine Stalker Monk, began the quest for the Orb.
     0 | D:1      | Reached XP level 1. HP: 11/11 MP: 1/1
    77 | D:1      | Reached XP level 2. HP: 16/16 MP: 3/3
   417 | D:3      | Reached skill level 5 in Unarmed Combat
   417 | D:3      | Reached XP level 3. HP: 17/19 MP: 4/4
   435 | D:4      | Noticed Prince Ribbit
   619 | D:3      | Reached XP level 4. HP: 12/23 MP: 5/5
   669 | D:3      | Found a stormy altar of Qazlal.
   720 | D:2      | Reached skill level 6 in Unarmed Combat
   823 | D:3      | Reached XP level 5. HP: 22/27 MP: 7/7
   916 | D:4      | Found a staircase to the Ecumenical Temple.
   930 | Temple   | Entered the Ecumenical Temple
   946 | Temple   | Became a worshipper of Cheibriados the Contemplative
   987 | D:4      | Noticed an ogre
   998 | D:4      | Killed Prince Ribbit
   998 | D:4      | Gained mutation: You heal very quickly. [vine stalker growth]
   998 | D:4      | Reached XP level 6. HP: 9/32 MP: 8/8
   999 | D:4      | Mangled by an ogre

Action                   |  1- 3 |  4- 6 || total
-------------------------+-------+-------++-------
Melee: Unarmed           |    86 |    70 ||   156
Invok: Bend Time         |       |     1 ||     1
  Use: Scroll            |       |     1 ||     1
 Stab: Sleeping          |     1 |     1 ||     2
